 Dungeon Crawl Stone Soup version 0.29-a0-409-gd843f3a48c (webtiles) character file.

Game seed: 13133386435065691497

14 croobank the Covert (level 2, -6/29 HPs)
             Began as a Gnoll Delver on May 14, 2022.
             Mangled by a mummy (16 damage)
             ... in an ossuary.
             The game lasted 00:02:26 (397 turns).

croobank the Covert (Gnoll Delver)                   Turns: 397, Time: 00:02:27

Health: -6/29      AC:  3    Str: 11    XL:     2   Next: 41%
Magic:  2/2        EV: 13    Int:  9    God:
Gold:   10         SH:  0    Dex: 13    Spells: 1/1 levels left

rFire   . . .      SeeInvis .   a - +0 hand axe
rCold   . . .      Faith    .   (no shield)
rNeg    . . .      Spirit   .   b - +0 leather armour
rPois   .          Reflect  .   (no helmet)
rElec   .          Harm     .   (no cloak)
rCorr   .          Rampage  .   (no gloves)
Will    .....      Rage     1%  (no boots)
Stlth   ++++......              (no amulet)
HPRegen 0.09/turn               (no ring)
MPRegen 0.08/turn               (no ring)

@: on berserk cooldown
A: fangs 1, strong nose, distributed training, berserk 1
a: no special abilities


You were in an ossuary.
You visited 1 branch of the dungeon, and saw 1 of its levels.
You also visited: Ossuary.

You collected 10 gold pieces.

Inventory:

Hand Weapons
 a - a +0 hand axe (weapon)
Armour
 b - a +0 leather armour (worn)
Wands
 g - a wand of digging (2)
Scrolls
 c - a scroll of fog


   Skills:
 + Level 6.5 Fighting
 + Level 0.4 Short Blades
 + Level 0.4 Long Blades
 + Level 4.5 Axes
 + Level 0.4 Maces & Flails
 + Level 0.4 Polearms
 + Level 0.4 Staves
 + Level 0.4 Slings
 + Level 0.4 Bows
 + Level 0.4 Crossbows
 + Level 0.4 Throwing
 + Level 0.4 Armour
 + Level 4.5 Dodging
 + Level 9.5 Stealth
 + Level 0.4 Shields
 + Level 0.4 Unarmed Combat
 + Level 0.4 Spellcasting
 + Level 0.2 Conjurations
 + Level 0.2 Hexes
 + Level 0.2 Summonings
 + Level 0.2 Necromancy
 + Level 0.2 Translocations
 + Level 0.2 Transmutations
 + Level 0.2 Fire Magic
 + Level 0.2 Ice Magic
 + Level 0.2 Air Magic
 + Level 0.2 Earth Magic
 + Level 0.2 Poison Magic
 + Level 0.5 Invocations
 + Level 0.4 Evocations


You had one spell level left.
You didn't know any spells.
Your spell library contained the following spells:

 Spells                   Type           Power      Damage    Failure   Level
 Dispersal                Tloc           0%         N/A       100%        6
 Disjunction              Tloc           0%         N/A       100%        8


Dungeon Overview and Level Annotations

Branches:
Dungeon (5/15)            Ossuary (1/1)
 Temple: D:4-7

Altars:


Innate Abilities, Weirdness & Mutations

You have very sharp teeth.
Your uncanny sense of smell can sniff out nearby items.
Your experience applies equally to all skills.
You tend to lose your temper in combat.


Message History

A goblin skeleton comes into view.
You are no longer berserk.
You are exhausted.
You feel yourself slow down.
There is an open door here.
You hit the goblin skeleton. You bite the goblin skeleton.
The goblin skeleton is heavily damaged.
The goblin skeleton hits you.
You hit the goblin skeleton.
You destroy the goblin skeleton!
You open the door.
A mummy comes into view.
Found a scroll labelled MUODDAPSES.
There is an open door here.
You open the door.
There is an open door here.
You open the door.
A mummy comes into view.
Found a blue potion.
There is an open door here.
A kobold skeleton comes into view.
The kobold skeleton moves out of view.
There is an open door here.
Sorry, you're not good enough to have a special ability.
The mummy closely misses you.
There is an open door here.
You hit the mummy.
The mummy is lightly damaged.
The mummy hits you!
You barely miss the mummy.
The mummy is lightly damaged.
The mummy hits you!
You hit the mummy but do no damage.
The mummy is lightly damaged.
You hit the mummy but do no damage.
The mummy is lightly damaged.
You feel yourself speed up. The mummy hits you!
Ouch! That really hurt!
You die...

# ##!#
##...
##...
##..# #.Z#
### ##M##
#∩###@..##
#..'....'#
#∩###...##
### ##'##
#.# #.##
#..##
##..#
##.'..M..+


You could see a mummy and a kobold skeleton.

Vanquished Creatures
  A mummy (D:5)
  A goblin skeleton (Ossuary)
  A kobold skeleton (Ossuary)
3 creatures vanquished.

Vanquished Creatures (others)
  A butterfly (D:5)
1 creature vanquished.

Grand Total: 4 creatures vanquished

Notes
Turn   | Place    | Note
-------+----------+-------------------------------------------
     0 | D:5      | Reached skill level 9 in Stealth
     0 | D:5      | croobank the Gnoll Delver began the quest for the Orb.
     0 | D:5      | Reached XP level 1. HP: 23/23 MP: 1/1
    33 | D:5      | Noticed a scorpion
    64 | D:5      | Noticed a killer bee
    64 | D:5      | Noticed a killer bee
   128 | D:5      | Found a sand-covered staircase.
   139 | D:5      | Gained mutation: You tend to lose your temper in combat.
                  | [potion of mutation]
   141 | D:5      | Reached XP level 2. HP: 10/29 MP: 2/2
   357 | Ossuary  | Entered an ossuary
   397 | Ossuary  | Mangled by a mummy

Illustrated notes

Levels and vault maps discovered:
D:5:      layout_loops_cross, nicolae_elyvilon_peaceful_grove,
          nicolae_ossuary_entry_giza
Ossuary:  ossuary_due_small_catacomb

Skill      XL: | |
---------------+-+-----
Stealth        | |  9.5
Fighting       | |  6.5
Short Blades   | |  0.4
Long Blades    | |  0.4
Axes           | |  4.5
Maces & Flails | |  0.4
Polearms       | |  0.4
Staves         | |  0.4
Slings         | |  0.4
Bows           | |  0.4
Crossbows      | |  0.4
Throwing       | |  0.4
Armour         | |  0.4
Dodging        | |  4.5
Shields        | |  0.4
Unarmed Combat | |  0.4
Spellcasting   | |  0.4
Conjurations   | |  0.2
Hexes          | |  0.2
Summonings     | |  0.2
Necromancy     | |  0.2
Translocations | |  0.2
Transmutations | |  0.2
Fire Magic     | |  0.2
Ice Magic      | |  0.2
Air Magic      | |  0.2
Earth Magic    | |  0.2
Poison Magic   | |  0.2
Invocations    | |  0.5
Evocations     | |  0.4

Action                   || total
-------------------------++-------
Melee: Hand axe          ||    17
       Bite              ||     1
Evoke: Wand              ||     1
  Use: Scroll            ||     3
       Potion            ||     3
 Stab: Sleeping          ||     1
Armor: Leather armour    ||     1
Dodge: Dodged            ||     4

Table legend: (Time is in decaauts)
 A = Elapsed time spent in this place.
 B = Non-inter-level travel time spent in this place.
 C = Inter-level travel time spent in this place.
 D = Time resting spent in this place.
 E = Time spent auto-exploring this place.
 F = Levels seen in this place.
 G = Mean time per level.
                   A        B        C        D        E       F      G
               +--------+--------+--------+--------+--------+-----+--------+
         Total |    392 |    392 |      0 |    200 |      2 |   2 |  196.0 |
       Dungeon |    340 |    340 |      0 |    200 |      0 |   1 |  340.0 |
       Ossuary |     52 |     52 |      0 |      0 |      2 |   1 |   52.0 |
               +--------+--------+--------+--------+--------+-----+--------+

Top non-repeatable levels by time:
     D:5: 340 daAuts
 Ossuary: 52 daAuts
